 Dungeon Crawl Stone Soup version 0.29.1-1-gd02db6906a (webtiles) character file.

Game seed: 13326164773218688916

114 RogueRain17 the Chopper (level 4, 0/33 HPs)
             Began as a Demonspawn Gladiator on Sept 22, 2022.
             Slain by a gnoll
             ... wielding a +0 whip
              (2 damage)
             ... on level 3 of the Dungeon.
             The game lasted 00:07:15 (2155 turns).

RogueRain17 the Chopper (Demonspawn Gladiator)      Turns: 2155, Time: 00:07:16

Health: 0/33       AC:  6    Str: 16    XL:     4   Next: 66%
Magic:  4/4        EV: 13    Int:  9    God:
Gold:   170        SH:  0    Dex: 15    Spells: 3/3 levels left

rFire   . . .      SeeInvis +   a - +0 war axe
rCold   . . .      Faith    .   (no shield)
rNeg    + . .      Spirit   .   b - +0 leather armour
rPois   .          Reflect  .   m - +0 helmet {SInv}
rElec   .          Harm     .   (no cloak)
rCorr   .          Rampage  .   (no gloves)
Will    .....                   (no boots)
Stlth   +.........              (no amulet)
HPRegen 0.11/turn               i - ring of positive energy
MPRegen 0.09/turn               (no ring)

@: no status effects
A: molten scales 1
a: no special abilities


You were on level 3 of the Dungeon.
You visited 1 branch of the dungeon, and saw 3 of its levels.

You collected 170 gold pieces.

Inventory:

Hand Weapons
 a - a +0 war axe (weapon)
Missiles
 d - 3 throwing nets (quivered)
 e - a javelin
Armour
 b - a +0 leather armour (worn)
 c - a +0 helmet
 m - a +0 helmet of see invisible (worn)
Jewellery
 i - a ring of positive energy (left hand)
Scrolls
 f - 3 scrolls of fog {unknown}
 h - 4 scrolls of identify {unknown}
 j - a scroll of immolation {unknown}
 k - 2 scrolls of fear {unknown}
 l - a scroll of noise {unknown}
 n - a scroll of amnesia {unknown}
 o - a scroll of teleportation {unknown}
 p - a scroll of silence {unknown}
Potions
 g - a potion of cancellation {unknown}


   Skills:
 - Level 2.0 Fighting
 * Level 4.3 Axes
 - Level 1.7 Throwing
 + Level 3.5 Dodging


You had 3 spell levels left.
You didn't know any spells.
Your spell library contained the following spells:

 Spells                   Type           Power      Damage    Failure   Level
 Necrotise                Necr           0%         1d4       45%         1
 Vampiric Draining        Necr           0%         2d6       83%         3
 Agony                    Necr           0%         N/A       100%        5


Dungeon Overview and Level Annotations

Branches:
Dungeon (3/15)

Altars:


Innate Abilities, Weirdness & Mutations

You are partially covered in molten scales. (AC +2)


Message History

You slash the goblin!
You kill the goblin!
No target in view!
A gnoll comes into view. It is wielding a +0 whip.
The gnoll shouts!
You hear a shout!
You hit the gnoll.
The gnoll is heavily wounded.
The gnoll closely misses you.
You hit the gnoll.
The gnoll is severely wounded.
A gnoll comes into view. It is wielding a +0 whip.
A gnoll comes into view.
It is wielding a +2 whip of electrocution.
The gnoll hits you with a +0 whip. The gnoll hits you with a +0 whip!
The gnoll shouts! x2
You hit the gnoll but do no damage.
The gnoll is severely wounded.
The gnoll barely misses you.
You hit the gnoll.
You kill the gnoll!
You hit the gnoll.
The gnoll is moderately wounded.
The gnoll barely misses you.
You closely miss the gnoll.
The gnoll is moderately wounded.
The gnoll closely misses you.
The gnoll hits you with a +2 whip of electrocution.
You are electrocuted!
* * * LOW HITPOINT WARNING * * *
You slash the gnoll!
The gnoll is severely wounded.
The gnoll barely misses you.
You hit the gnoll.
You kill the gnoll!
You hit the gnoll but do no damage. The gnoll completely misses you.
The gnoll hits you with a +0 whip.
* * * LOW HITPOINT WARNING * * *
You barely miss the gnoll. The gnoll misses you.
You hit the gnoll but do no damage. The gnoll closely misses you.
You closely miss the gnoll. The gnoll hits you with a +0 whip.
You die...

########## .........#
.........# .........#
.........#####
....).........
..........# ######## #
..........###.)g@..#.#
..?..)........####...#
..............#<...#+#
####....†.....#..#.....
#..)....###....# ...
#....###†.#....+ .
#.)..# #.#..### ♣....♣
.#).. ♣♣...♣ ##.##


You could see a gnoll.

Vanquished Creatures
  Robin (D:2)
  2 gnolls (D:3)
  An adder (D:2)
  3 worms (D:2)
  A dart slug (D:2)
  7 endoplasms
  5 hobgoblins
  4 jackals (D:1)
  3 kobolds
  3 quokkas
  3 ball pythons
  3 frilled lizards
  17 goblins
  4 rats
57 creatures vanquished.

Vanquished Creatures (others)
  A fungus (D:1)
1 creature vanquished.

Grand Total: 58 creatures vanquished

Notes
Turn   | Place    | Note
-------+----------+-------------------------------------------
     0 | D:1      | RogueRain17 the Demonspawn Gladiator began the quest for
                  | the Orb.
     0 | D:1      | Reached XP level 1. HP: 16/16 MP: 1/1
     6 | D:1      | Noticed a snapping turtle
     6 | D:1      | Noticed a black bear
     6 | D:1      | Noticed a swamp worm
     7 | D:1      | Noticed a swamp drake
   177 | D:1      | Reached skill level 3 in Axes
   179 | D:1      | Gained mutation: You are partially covered in molten
                  | scales. (AC +2) [demonic ancestry]
   179 | D:1      | Reached XP level 2. HP: 15/22 MP: 2/2
   851 | D:1      | Found a faded altar of an unknown god.
  1011 | D:2      | Reached XP level 3. HP: 24/27 MP: 3/3
  1395 | D:2      | Noticed Robin
  1423 | D:2      | Reached skill level 4 in Axes
  1423 | D:2      | Reached XP level 4. HP: 18/33 MP: 4/4
  1433 | D:2      | Killed Robin
  2155 | D:3      | Slain by a gnoll

Illustrated notes

Levels and vault maps discovered:
D:1:      onia_arrival_zoo_common, layout_basic,
          shapermc_ecumenical_altar_mp_ritualfount, minmay_cupped
D:2:      layout_loops_cross, minmay_pentomino_p4, uniq_robin
D:3:      layout_basic, cheibrodos_worm_habitat, serial_shops,
          nicolae_shop_hallway_stairs, uniq_crazy_yiuf_cottage

Skill      XL: |  1  2  3 |
---------------+----------+-----
Axes           | 3 4 |  4.3
Dodging        | 3 |  3.5
Fighting       | |  2.0
Throwing       | |  1.7

Action                   |  1- 3 |  4- 6 || total
-------------------------+-------+-------++-------
Melee: War axe           |   100 |    43 ||   143
 Stab: Sleeping          |     2 |       ||     2
Armor: Leather armour    |    46 |     8 ||    54
Dodge: Dodged            |    79 |    25 ||   104
